 Dungeon Crawl Stone Soup version 0.30-a0-953-g5f1da4a474 (webtiles) character file.

Game seed: 14533281142805613026

335 jasper the Chopper (level 6, -1/53 HPs)
             Began as a Ghoul Cinder Acolyte on Mar 28, 2023.
             Was a High Priest of Ignis.
             Slain by Edmund
             ... wielding a +4 dire flail of protection
              (5 damage)
             ... on level 4 of the Dungeon.
             The game lasted 00:06:40 (3521 turns).

jasper the Chopper (Ghoul Cinder Acolyte)           Turns: 3521, Time: 00:06:41

Health: -1/53      AC:  7    Str: 18    XL:     6   Next: 53%
Magic:  6/6        EV: 14    Int:  9    God:    Ignis [*****.]
Gold:   234        SH:  3    Dex: 12    Spells: 7/7 levels left

rFire   + . .      SeeInvis .    x - +0 war axe
rCold   + . .      Faith    .    s - +0 buckler
rNeg    + + +      Spirit   .    p - +0 scale mail
rPois   ∞          Reflect  .    (no helmet)
rElec   .          Rampage  .    (no cloak)
rCorr   .                        c - +0 pair of gloves
Will    .....                    (no boots) Stlth
                                 (no amulet)
HPRegen 0.00/turn                f - +5 ring of evasion
MPRegen 0.10/turn                A - +6 ring of dexterity

@: inhibited regen, invisible
A: claws 1, cold resistance 1, negative energy resistance 3, inhibited
regeneration, torment resistance 2, devour on kill
a: Renounce Religion, Fiery Armour, Foxfire Swarm


You were on level 4 of the Dungeon.
You worshipped Ignis.
Ignis was extremely pleased with you.
You visited 1 branch of the dungeon, and saw 4 of its levels.

You collected 234 gold pieces.

Inventory:

Hand Weapons
 a - a -1 hand axe of flaming
 x - a +0 war axe (weapon)
Missiles
 r - 5 poisoned darts (quivered)
Armour
 b - a +0 robe
 c - a +0 pair of gloves (worn)
 g - a +0 leather armour
 k - a +0 ring mail
 p - a +0 scale mail (worn)
 s - a +0 buckler (worn)
Jewellery
 f - a +5 ring of evasion (left hand)
 A - a +6 ring of dexterity (right hand)
Wands
 j - a wand of polymorph (1)
 t - a wand of roots (14)
 w - a wand of flame (17)
Scrolls
 m - a scroll of magic mapping
 u - a scroll of poison
 y - a scroll of teleportation
Potions
 d - 3 potions of attraction
 h - a potion of heal wounds {unknown}
 l - a potion of flight {unknown}
 n - 2 potions of invisibility
 o - a potion of brilliance {unknown}
 q - 2 potions of mutation {unknown}
 v - 2 potions of haste {unknown}
 z - a potion of degeneration {unknown}
 B - a potion of berserk rage {unknown}


   Skills:
 + Level 4.7 Fighting
 * Level 5.0 Axes
 + Level 2.6 Armour
 - Level 1.0 Spellcasting
 - Level 2.4 Fire Magic


You had 7 spell levels left.
You didn't know any spells.
Your spell library contained the following spells:

 Spells                   Type           Power      Damage    Failure   Level
 Scorch                   Fire           8%         2d5       67%         2
 Apportation              Tloc           0%         N/A       85%         1
 Necrotise                Necr           0%         1d4       85%         1
 Summon Small Mammal      Summ           0%         N/A       85%         1
 Blink                    Tloc           0%         N/A       94%         2
 Manifold Assault         Tloc           0%         N/A       100%        4
 Conjure Ball Lightning   Conj/Air       0%         3x3d6     100%        6
 Discord                  Hex            0%         N/A       100%        8
 Disjunction              Tloc           0%         N/A       100%        8
 Storm Form               Tmut/Air       Unusable   N/A       N/A         7

Dungeon Overview and Level Annotations

Branches:
Dungeon (4/15)
 Temple: D:4-7

Altars:

Shops:
D:1 ?

Annotations:
D:2 Crazy Yiuf
D:4 Edmund, Eustachio


Innate Abilities, Weirdness & Mutations

You are immune to poison.
You have sharp fingernails.
Your flesh is cold resistant. (rC+)
You are immune to negative energy. (rN+++)
You do not regenerate when monsters are visible.
You are immune to unholy pain and torment.
You thrive by killing the living.


Message History

You hit Edmund but do no damage.
Edmund is severely wounded.
Edmund barely misses you.
You hit Edmund but do no damage.
Edmund is severely wounded.
You block Edmund's attack.
You catch the helpless Edmund completely off-guard!
You hit Edmund but do no damage.
Edmund is severely wounded.
Edmund hits you with a +4 dire flail of protection!
* * * LOW HITPOINT WARNING * * *
You take 7 damage, and have 4/53 hp.
Okay, then.
Throw: throwing net
Press: ? - help, Shift-Dir - straight line, f - Edmund
Aim: Edmund, wielding a +4 dire flail of protection, wearing a +0 ring mail and carrying a wand of roots (11) (severely wounded, unable to see you, 63% to hit)
You throw a throwing net. The throwing net hits Edmund.
Edmund is caught in the net!
Edmund is severely wounded.
Edmund struggles against the net. x2
You hit Edmund but do no damage.
Edmund is severely wounded.
The crimson imp disappears in a puff of smoke!
Edmund struggles against the net.
You hit Edmund.
Edmund is severely wounded.
Edmund says, "I'm quite good with sums, too."
Edmund struggles against the net.
You hear a zap.
A puff of flame appears from out of thin air!
The puff of flame hits the quasit.
The quasit resists.
You hit Edmund but do no damage.
Edmund is severely wounded.
Edmund says, "I'm quite good with sums, too."
Edmund struggles against the net.
The net rips apart, and Edmund comes free!
You closely miss Edmund.
Edmund is severely wounded.
Edmund hits you with a +4 dire flail of protection.
You die...

###
###################o.r..
..).............@@55.b..
###################.....
#.. ##### ###...#
####..<..# ####......###
.....##.### #######.#


You could see Edmund (unable to see you), an iron imp (summoned, unable to see
you), a quasit (summoned, unable to see you), an orc (unable to see you), a bat
(summoned) and a rat (summoned, wandering, unable to see you).

Vanquished Creatures
  A phantom (D:4)
  A hound (D:3)
  Ijyb (D:4)
  3 gnolls (D:3)
  11 adders
  5 orcs
  A bat (D:2)
  6 endoplasms
  5 giant cockroaches
  7 goblins
  4 hobgoblins
  10 jackals
  A quokka (D:2)
  8 ball pythons
  2 frilled lizards
  9 kobolds
  5 rats
80 creatures vanquished.

Vanquished Creatures (others)
  7 plants
7 creatures vanquished.

Grand Total: 87 creatures vanquished

Notes
Turn   | Place    | Note
-------+----------+-------------------------------------------
     0 | D:1      | jasper the Ghoul Cinder Acolyte began the quest for the
                  | Orb.
     0 | D:1      | Reached XP level 1. HP: 19/19 MP: 1/1
   148 | D:1      | Reached skill level 3 in Axes
   148 | D:1      | Reached XP level 2. HP: 26/26 MP: 2/2
   519 | D:1      | Found Poihetag's Magic Scroll Emporium.
   769 | D:1      | Reached XP level 3. HP: 29/31 MP: 3/3
   776 | D:1      | Reached skill level 1 in Armour
  1026 | D:2      | Reached XP level 4. HP: 40/40 MP: 4/4
  1543 | D:2      | Found a runed translucent door.
  1544 | D:2      | Noticed Crazy Yiuf
  1624 | D:2      | Reached skill level 4 in Axes
  1896 | D:3      | Reached XP level 5. HP: 29/46 MP: 5/5
  3185 | D:4      | Noticed Ijyb
  3206 | D:4      | Killed Ijyb
  3207 | D:4      | Reached XP level 6. HP: 37/53 MP: 6/6
  3501 | D:4      | Noticed Edmund
  3505 | D:4      | Noticed Eustachio
  3507 | D:4      | Reached skill level 5 in Axes
  3521 | D:4      | Slain by Edmund

Illustrated notes

Levels and vault maps discovered:
D:1:      dpeg_arrival_central, layout_basic, serial_shops, shop,
          minmay_misc_feat_nine_boxes, roderic_lattice_a
D:2:      layout_basic, serial_forest, infiniplex_forest_clump_small,
          infiniplex_forest_clump_small, infiniplex_forest_zigzag_1,
          infiniplex_forest_straight_4, infiniplex_forest_end_2,
          infiniplex_forest_clump_small, infiniplex_forest_lined_2,
          infiniplex_forest_clump_double, infiniplex_forest_clump_small,
          hangedman_decor_lopped, minmay_pentomino_u2, uniq_crazy_yiuf_cottage
D:3:      layout_loops_corners, serial_forest, infiniplex_forest_lined_3,
          infiniplex_forest_clump_curved, infiniplex_forest_lined_3,
          infiniplex_forest_straight_5, infiniplex_forest_clump_diagonal
D:4:      layout_rooms, st_stairs_7, kennysheep_flooded_box, uniq_edmund,
          uniq_eustachio, uniq_ijyb

Skill      XL: |  1  2  3  4  5  6 |
---------------+-------------------+-----
Axes           | 3 4 5 |  5.0
Armour         | 1 2 |  2.6
Fighting       | 4 |  4.7
Spellcasting   | |  1.0
Fire Magic     | |  2.4

Action                     |  1- 3 |  4- 6 || total
---------------------------+-------+-------++-------
  Melee: Hand axe          |   127 |   121 ||   248
         Punch             |     1 |       ||     1
         War axe           |       |   127 ||   127
  Throw: Dart              |       |     1 ||     1
         Throwing net      |       |     1 ||     1
 Invoke: Rising Flame      |       |     1 ||     1
         Fiery Armour      |       |     1 ||     1
    Use: Scroll            |       |     9 ||     9
         Potion            |       |     1 ||     1
   Stab: Invisible         |       |     1 ||     1
 Armour: Robe              |    10 |       ||    10
         Ring mail         |    29 |       ||    29
         Leather armour    |     1 |       ||     1
         Scale mail        |       |    76 ||    76
  Dodge: Dodged            |    92 |   203 ||   295
  Block: Buckler           |       |    29 ||    29

Table legend: (Time is in decaauts)
 A = Elapsed time spent in this place.
 B = Non-inter-level travel time spent in this place.
 C = Inter-level travel time spent in this place.
 D = Time resting spent in this place.
 E = Time spent auto-exploring this place.
 F = Levels seen in this place.
 G = Mean time per level.
                   A        B        C        D        E       F      G
               +--------+--------+--------+--------+--------+-----+--------+
         Total |   3601 |   3441 |    160 |    213 |   2378 |   4 |  900.2 |
       Dungeon |   3601 |   3441 |    160 |    213 |   2378 |   4 |  900.2 |
               +--------+--------+--------+--------+--------+-----+--------+

Top non-repeatable levels by time:
     D:3: 1332 daAuts
     D:1: 991 daAuts
     D:2: 913 daAuts
     D:4: 364 daAuts
